 Dungeon Crawl Stone Soup version 0.30.0-29-ga12c61a403 (webtiles) character file.

Game seed: 3206227196463453912

65 Fodor the Covered (level 3, 0/33 HPs)
             Began as a Minotaur Fighter on June 11, 2023.
             Was a Believer of Makhleb.
             Slain by Grinder (4 damage)
             ... on level 3 of the Dungeon.
             The game lasted 00:10:24 (1649 turns).

Fodor the Covered (Minotaur Fighter)                Turns: 1649, Time: 00:10:25

Health: 0/33       AC:  8    Str: 20    XL:     3   Next: 92%
Magic:  0/2        EV:  9    Int:  5    God:    Makhleb [**....]
Gold:   46         SH:  4    Dex: 11    Spells: 2/2 levels left

rFire   . . .        a - +0 long sword
rCold   . . .        c - +0 buckler
rNeg    . . .        b - +0 scale mail
rPois   .            (helmet restricted)
rElec   .            (no cloak)
rCorr   .            t - +0 pair of gloves
SInv    .            (no boots)
Will    .....        y - amulet of guardian spirit Stlth
                     (no ring)
HPRegen 0.25/turn    (no ring)
MPRegen 0.08/turn

%: guardian spirit
@: no status effects
A: horns 2, retaliatory headbutt
a: Renounce Religion, Minor Destruction


You were on level 3 of the Dungeon.
You worshipped Makhleb.
Makhleb was pleased with you.
You visited 1 branch of the dungeon, and saw 3 of its levels.

You collected 46 gold pieces.

Inventory:

Hand Weapons
 a - a +0 long sword (weapon)
Missiles
 e - 5 poisoned darts (quivered)
 h - 2 atropa-tipped darts
 k - 20 stones
 z - 6 boomerangs
Armour
 b - a +0 scale mail (worn)
 c - a +0 buckler (worn)
 t - a +0 pair of gloves (worn)
Magical Staves
 i - a staff of cold
Jewellery
 s - a ring of protection from cold
 y - an amulet of guardian spirit (around neck)
Scrolls
 f - a scroll of fog {unknown}
 m - a scroll of magic mapping {unknown}
 p - 2 scrolls of enchant weapon {unknown}
 q - a scroll of vulnerability {unknown}
 r - a scroll of identify {unknown}
 u - a scroll of immolation {unknown}
 w - a scroll of teleportation {unknown}
Potions
 d - a potion of might
 g - a potion of heal wounds {unknown}
 j - a potion of experience {unknown}
 l - 3 potions of curing {unknown}
 n - a potion of magic {unknown}
 o - a potion of attraction {unknown}
 v - a potion of resistance {unknown}
 x - a potion of lignification {unknown}


   Skills:
 + Level 4.1 Fighting
 + Level 3.4 Long Blades
 + Level 0.2 Throwing
 + Level 4.3 Armour
 + Level 0.7 Dodging
 + Level 0.4 Stealth
 + Level 3.9 Shields


You had 2 spell levels left.
You didn't know any spells.
Your spell library was empty.

Dungeon Overview and Level Annotations

Branches:
Dungeon (3/15)

Altars:
Makhleb

Shops:
D:1 [

Annotations:
D:3 Grinder


Innate Abilities, Weirdness & Mutations

You have a pair of horns on your head.
You reflexively headbutt those who attack you in melee.


Message History

Found 5 stones and a knobbly runed staff.
There is a stone staircase leading up here.
k - 20 stones (gained 5)
Found a quarterstaff.
Grinder comes into view.
She is carrying a wand of quicksilver (4).
Found 5 gold pieces.
Grinder shouts!
Grinder zaps a wand.
The bolt of dispelling energy hits you!!
Ouch! That really hurt!
Grinder gestures at you.
You suddenly lose the ability to move!
Grinder gestures at you. Pain shoots through your body!
* * * LOW HITPOINT WARNING * * *
You can move again.
Grinder attacks as you move away! You block Grinder's attack.
Grinder zaps a wand.
The bolt of dispelling energy hits you but does no damage.
Grinder hits you but does no damage.
You closely miss Grinder. Grinder gestures at you.
You resist with significant effort.
You slash Grinder!
Grinder is moderately wounded.
Grinder hits you but does no damage.
You hit Grinder.
Grinder is moderately wounded.
Grinder hits you but does no damage.
You hit Grinder but do no damage.
Grinder is moderately wounded.
You block Grinder's attack. Grinder says, "Are you a fish?"
Grinder blinks!
Grinder blinks!
Grinder gestures at you. Pain shoots through your body!
* * * LOW HITPOINT WARNING * * *
Grinder hits you.
You die...

###.# .### #...#
#...# #...###...#
#$........#
#.###.).......#
.............#
#.........#####
#.5@ยง..........
#....|....####
#.........#######
#.##...#.........
#.#...#..########
#.##.#.#.# #
#..##.# # #.# #.#
#.. #<# #.#


You could see Grinder.

Vanquished Creatures
  2 adders (D:2)
  2 worms (D:2)
  4 dart slugs
  3 endoplasms
  3 goblins
  4 hobgoblins (D:1)
  2 jackals (D:1)
  2 kobolds (D:2)
  A quokka (D:1)
  2 ball pythons
  5 bats
  4 rats
34 creatures vanquished.

Notes
Turn   | Place    | Note
-------+----------+-------------------------------------------
     0 | D:1      | Fodor the Minotaur Fighter began the quest for the Orb.
     0 | D:1      | Reached XP level 1. HP: 19/19 MP: 0/0
    94 | D:1      | Found a faded altar of an unknown god.
   111 | D:1      | Prayed at the altar of an unknown god.
   111 | D:1      | Became a worshipper of Makhleb the Destroyer
   111 | D:1      | Reached * piety under Makhleb
   229 | D:1      | Found Ysimykang's Armour Shop.
   285 | D:1      | Reached XP level 2. HP: 25/27 MP: 1/1
  1213 | D:2      | Reached XP level 3. HP: 33/33 MP: 2/2
  1389 | D:2      | Reached ** piety under Makhleb
  1631 | D:3      | Noticed Grinder
  1633 | D:3      | Paralysed by Grinder for 5 turns
  1649 | D:3      | Slain by Grinder

Illustrated notes

Levels and vault maps discovered:
D:1:      heliophobic_arrival_ceremonial_halls, layout_loops_ring, serial_shops,
          nicolae_shop_peninsula, shapermc_ecumenical_altar_mp_highgroup,
          hex_large
D:2:      layout_loops_ring
D:3:      layout_loops_ring, nzn_wu_jian_contemplation, uniq_terence, uniq_ijyb,
          uniq_jessica, uniq_grinder

Skill      XL: |  1  2  3 |
---------------+----------+-----
Armour         | 4 |  4.3
Fighting       | 4 |  4.1
Long Blades    | 3 |  3.4
Throwing       | |  0.2
Dodging        | |  0.7
Stealth        | |  0.4
Shields        | |  3.9

Action                     || total
---------------------------++-------
  Melee: Long sword        ||    89
         Headbutt          ||    11
  Throw: Dart              ||     4
 Armour: Scale mail        ||    60
  Dodge: Dodged            ||    53
  Block: Buckler           ||    30
